 Dungeon Crawl Stone Soup version 0.25.0-1-g7eea58d (webtiles) character file.

Game seed: 3200149991682471629

837 Illumine the Skirmisher (level 7, 0/76 HPs)
             Began as an Ogre Hunter on June 25, 2020.
             Slain by an adder (4 damage)
             ... on level 5 of the Dungeon.
             The game lasted 00:10:21 (5666 turns).

Illumine the Skirmisher (Ogre Hunter)               Turns: 5666, Time: 00:10:21

Health: 0/76       AC:  4    Str: 19    XL:     7   Next: 99%
Magic:  7/7        EV: 10    Int: 12    God:
Gold:   383        SH:  0    Dex:  9    Spells: 6/6 levels left

rFire    + . .     SeeInvis .   A - +1 giant club
rCold    + + .     Gourm    .   (shield currently unavailable)
rNeg     . . .     Faith    .   b - +0 robe
rPois    +         Spirit   .   n - +1 hat
rElec    +         Reflect  .   (no cloak)
rCorr    +         Harm     .   (gloves unavailable)
MR       .....                  (boots unavailable)
Stlth    +.........             (no amulet)
HPRegen  0.22/turn              h - ring of protection from cold
MPRegen  0.10/turn              (no ring)

@: lethally poisoned (0 -> -15), resistant, flying
A: large, unfitting armour, tough skin 1
a: no special abilities


You were on level 5 of the Dungeon.
You were not hungry.

You visited 1 branch of the dungeon, and saw 5 of its levels.

You collected 383 gold pieces.

Inventory:

Hand Weapons
 s - a +2 flail of protection
 t - a +3 whip
 u - a +1 flail of holy wrath
 A - a +1 giant club (weapon)
Missiles
 d - a throwing net
 i - 9 large rocks (quivered)
 j - 115 stones
Armour
 b - a +0 robe (worn)
 n - a +1 hat (worn)
Jewellery
 a - an uncursed amulet of faith {unknown}
 h - a ring of protection from cold (left hand)
Scrolls
 g - a scroll of enchant armour {unknown}
 k - 2 scrolls of identify {unknown}
 l - a scroll of amnesia {unknown}
 m - a scroll of teleportation {unknown}
 o - 3 scrolls of remove curse
 w - a scroll of random uselessness {unknown}
 y - a scroll of magic mapping {unknown}
Potions
 p - a potion of haste {unknown}
 q - a potion of flight
 r - a potion of mutation {unknown}
 v - a potion of curing {unknown}
 x - a potion of cancellation {unknown}
Comestibles
 f - 6 rations
 z - 3 chunks of flesh


   Skills:
 + Level 6.4 Fighting
 * Level 5.1 Maces & Flails
 + Level 5.1 Throwing
 + Level 3.3 Dodging
 - Level 0.6 Stealth


You had 6 spell levels left.
You didn't know any spells.
Your spell library was empty.

Dungeon Overview and Level Annotations

Branches:
Dungeon (5/15)
 Temple: D:4-7

Altars:
Uskayaw

Annotations:
D:4 1 runed translucent door, Crazy Yiuf


Innate Abilities, Weirdness & Mutations

You are too large for most types of armour.
You have tough skin. (AC +1)


Message History

The adder is heavily wounded.
* * * LOW HITPOINT WARNING * * *
You feel very sick. The adder bites you.
* * * LOW HITPOINT WARNING * * *
The adder bites you.
* * * LOW HITPOINT WARNING * * *
It was a potion of flight.
You feel very buoyant.
You fly up into the air.
* * * LOW HITPOINT WARNING * * *
You feel sick. The adder bites you.
* * * LOW HITPOINT WARNING * * *
You are more poisoned.
The adder poisons you!
It was a potion of resistance.
You feel protected.
* * * LOW HITPOINT WARNING * * *
You feel sick. The adder bites you.
You die...

###).## .....# #...##
..#####....############
.......................
.#####..#.#######.####
####.....)..).......
####'###<###.#.######..#.##
...(..[.(S@.....# #..#.#
.....###[###.##.#####..#.#
... ...................# Z
..##.###.###.........# ...
#.# #.###..###....# ## ...
..............# ###
#.###..#.#...## .#
#....#...# #.#..#...#


You could see an adder.

Vanquished Creatures
  An ice beast (D:2)
  An ogre (D:5)
  A scorpion (D:4)
  A hound (D:5)
  3 jellies (D:2)
  2 orc wizards (D:5)
  An orc priest (D:5)
  A gnoll shaman (D:4)
  2 worker ants (D:4)
  8 gnolls (D:4)
  9 adders
  8 oozes
  2 worms
  A dart slug (D:1)
  3 leopard geckos
  14 orcs
  A ball python (D:2)
  4 giant cockroaches
  8 goblins
  7 hobgoblins
  13 jackals
  2 quokkas (D:4)
  8 bats
  8 frilled lizards
  A jackal zombie (D:5)
  9 kobolds
  8 rats
127 creatures vanquished.

Vanquished Creatures (others)
  7 fungi (D:2)
  3 toadstools (D:2)
10 creatures vanquished.

Grand Total: 137 creatures vanquished

Notes
Turn   | Place    | Note
-------+----------+-------------------------------------------
     0 | D:1      | Illumine the Ogre Hunter began the quest for the Orb.
     0 | D:1      | Reached XP level 1. HP: 22/22 MP: 1/1
   386 | D:1      | Reached skill level 3 in Fighting
   396 | D:1      | Reached XP level 2. HP: 29/31 MP: 2/2
   551 | D:1      | Reached skill level 1 in Maces & Flails
  1025 | D:1      | Reached XP level 3. HP: 28/37 MP: 3/3
  1918 | D:2      | Reached XP level 4. HP: 24/48 MP: 4/4
  1925 | D:2      | Reached skill level 4 in Fighting
  2283 | D:2      | Noticed an ice beast
  2287 | D:2      | Killed an ice beast
  2287 | D:2      | Reached XP level 5. HP: 46/55 MP: 5/5
  3265 | D:3      | Reached XP level 6. HP: 32/65 MP: 6/6
  3533 | D:3      | Reached skill level 5 in Fighting
  4675 | D:4      | Reached XP level 7. HP: 65/72 MP: 7/7
  5308 | D:4      | Found a runed translucent door.
  5309 | D:4      | Noticed Crazy Yiuf
  5332 | D:5      | Entered Level 5 of the Dungeon
  5369 | D:5      | Found a hide-covered altar of Uskayaw.
  5445 | D:5      | Reached skill level 6 in Fighting
  5454 | D:5      | Reached skill level 5 in Maces & Flails
  5454 | D:5      | Reached skill level 5 in Throwing
  5666 | D:5      | Slain by an adder

Illustrated notes

Levels and vault maps discovered:
D:1:      minmay_arrival_split_and_join, layout_basic, minmay_stone_trees_small
D:2:      cheibrodos_fertilizer, layout_loops_ring
D:3:      layout_loops_ring, item_on_display_a
D:4:      layout_rooms, uniq_crazy_yiuf_cottage
D:5:      layout_basic, serial_shops, shop, basic_altar, first_ration

Skill      XL: |  1  2  3  4  5  6  7 |
---------------+----------------------+-----
Fighting       | 3 4 5 6 |  6.4
Maces & Flails | 1 2 3 4 5 |  5.1
Dodging        | 2 3 |  3.3
Throwing       | 5 |  5.1
Stealth        | |  0.6

Action                   |  1- 3 |  4- 6 |  7- 9 || total
-------------------------+-------+-------+-------++-------
Melee: Club              |   146 |    91 |       ||   237
       Short sword       |    13 |       |       ||    13
       Flail             |       |    21 |    42 ||    63
       Mace              |       |     8 |       ||     8
       Giant club        |       |       |    26 ||    26
Throw: Large rock        |     8 |     9 |    18 ||    35
       Stone             |     2 |    19 |    24 ||    45
       Throwing net      |     1 |     2 |     1 ||     4
       Boomerang         |       |    79 |    17 ||    96
  Use: Scroll            |     2 |       |     1 ||     3
       Potion            |       |     2 |     2 ||     4
 Stab: Sleeping          |     1 |     1 |       ||     2
  Eat: Chunk             |     3 |     5 |     4 ||    12
       Ration            |       |     1 |       ||     1
Armor: Robe              |    63 |    36 |    25 ||   124
       Skin              |       |     8 |       ||     8
Dodge: Dodged            |   124 |    76 |    55 ||   255
